 Dungeon Crawl Stone Soup version 0.28-b1-25-g9875b3fc8c (webtiles) character file.

Game seed: 1206182441333009978

161 DildoBatman the Conjurer (level 5, -9/35 HPs)
             Began as a Formicid Conjurer on Feb 1, 2022.
             Killed by divine providence
             ... invoked by an orc priest
              (15 damage)
             ... on level 5 of the Dungeon.
             The game lasted 00:08:49 (2890 turns).

DildoBatman the Conjurer (Formicid Conjurer)        Turns: 2890, Time: 00:08:50

Health: -9/35      AC:  3    Str: 11    XL:     5   Next: 70%
Magic:  15/27      EV: 12    Int: 18    God:
Gold:   163        SH:  0    Dex: 11    Spells: 7/10 levels left

rFire   . . .      SeeInvis +   a - +6 dagger "Giantbane" {spect, rPois rC+ MP+9}
rCold   + . .      Faith    .   (no shield)
rNeg    . . .      Spirit   .   u - +0 robe
rPois   +          Reflect  .   (helmet unavailable)
rElec   .          Harm     .   (no cloak)
rCorr   .          Rampage  .   k - +0 pair of gloves
Will    .....                   (no boots)
Stlth   ++........              (no amulet)
HPRegen 0.11/turn               c - ring of magical power
MPRegen 0.20/turn               (no ring)

@: no status effects
A: permanent stasis, dig shafts and tunnels, antennae 3, four strong arms
a: Dig, Shaft Self


You were on level 5 of the Dungeon.
You visited 1 branch of the dungeon, and saw 5 of its levels.

You collected 163 gold pieces.

Inventory:

Hand Weapons
 a - the +6 dagger "Giantbane" (weapon) {spect, rPois rC+ MP+9}
   (You found it on level 3 of the Dungeon)

   When its wielder attacks, the weapon's spirit leaps out and strikes again.
   The spirit shares a part of any damage it takes with its wielder.
   rC:        It protects you from cold.
   rPois:     It protects you from poison.
   MP:        It affects your magic capacity (+9).
 b - a +0 arbalest
Missiles
 e - 6 javelins
 f - 49 stones
 j - 5 poisoned darts
 q - 11 arrows
Armour
 k - a +0 pair of gloves (worn)
 p - a +1 scale mail of poison resistance
 u - a +0 robe (worn)
Jewellery
 c - a ring of magical power (left hand)
Wands
 g - a wand of iceblast (10)
Scrolls
 d - a scroll of teleportation {unknown}
 m - a scroll of vulnerability {unknown}
 o - a scroll of torment
 r - a scroll of enchant armour {unknown}
Potions
 h - a potion of haste {unknown}
 i - a potion of resistance {unknown}
 n - a potion of might {unknown}
 s - 3 potions of heal wounds {unknown}
 t - a potion of flight {unknown}


   Skills:
 - Level 1.7 Dodging
 - Level 2.4 Stealth
 * Level 3.2 Spellcasting
 * Level 5.5 Conjurations


You had 7 spell levels left.
You knew the following spells:

 Your Spells              Type           Power      Damage    Failure   Level
a - Searing Ray           Conj           44%        2d6       2%          2
c - Magic Dart            Conj           88%        1d7       1%          1

Your spell library contained the following spells:

 Spells                   Type           Power      Damage    Failure   Level
 Dazzling Flash           Conj/Hex       24%        N/A       16%         3
 Fulminant Prism          Conj/Hex       6%         3d7       45%         4
 Iskenderun's Mystic Bla  Conj/Tloc      12%        2d5       45%         4
 Summon Forest            Summ/Tloc      1%         N/A       99%         5
 Dispersal                Tloc           1%         N/A       100%        6
 Eringya's Noxious Bog    Tmut/Pois      1%         N/A       100%        6
 Summon Hydra             Summ           1%         N/A       100%        7
 Disjunction              Tloc           1%         N/A       100%        8


Dungeon Overview and Level Annotations

Branches:
Dungeon (5/15)
 Temple: D:4-7

Altars:
Ashenzari
Cheibriados

Annotations:
D:2 1 runed translucent door, Crazy Yiuf, Robin, Sigmund
D:5 exclusion: scorpion


Innate Abilities, Weirdness & Mutations

You cannot be hasted, slowed, berserked, paralysed or teleported.
You can dig through walls and to a lower floor.
You have a pair of large antennae on your head. (SInv)
Your four strong arms can wield two-handed weapons with a shield.


Message History

The orc priest is moderately wounded.
The orc priest shouts! (Press . to maintain the ray.)
You hear a shout! x2
The orc priest begins to cast a cantrip, but forgets the words!
The searing ray hits the orc priest!
The orc priest is almost dead.
The orc priest invokes the aid of Beogh against you.
Beogh smites you!
The searing ray misses the orc priest.
An orc priest comes into view. It is wielding a +0 whip.
The searing ray hits the orc priest.
The orc priest is lightly wounded.
You finish channelling your searing ray.
Casting: Searing Ray (safe; 2% risk of failure)
Confirm with . or Enter, or press ? or * to list all spells.
Aiming: Searing Ray (safe; 2% risk of failure)
Press: ? - help, Shift-Dir - straight line The searing ray hits the orc priest.
The orc priest is heavily wounded. (Press . to maintain the ray.)
An orc comes into view. It is wielding a +0 dagger.
The orc priest mumbles some strange prayers to Beogh against you.
Pain shoots through your body!
The searing ray hits the orc priest.
The orc priest is heavily wounded.
The searing ray hits the orc.
The orc is almost dead.
The orc priest hits you with a +0 whip.
Casting: Searing Ray (safe; 2% risk of failure)
Confirm with . or Enter, or press ? or * to list all spells.
Restarting spell: Searing Ray (safe; 2% risk of failure)
Press: ? - help, Shift-Dir - straight line, f - orc priest
Aim: an orc priest, wielding a +0 hand axe and wearing a +0 leather armour (almost dead, 78% to hit)
The searing ray misses the orc priest. x2 (Press . to maintain the ray.)
The orc priest barely misses you.
The orc priest invokes the aid of Beogh against you.
Beogh smites you!
You die...

.(. ##.### ....
#####.######
#.#...#.##.######
#..)..)......†...
#.#.###.##.######
#.#####.#.# #.#...##
#
#...oo@.#.###......#
#
####o####.....#...##
# .. { ########.## #
## #.# # #.# # #+# #


You could see 2 orc priests and an orc.

Vanquished Creatures
  A centaur skeleton (D:5)
  An orc wizard (D:5)
  3 adders
  An adder skeleton (D:5)
  2 worms (D:2)
  3 dart slugs
  2 orcs
  2 ball pythons
  4 bats
  7 endoplasms
  4 giant cockroaches
  4 goblins
  5 hobgoblins
  6 kobolds
  4 quokkas
  3 frilled lizards
  10 rats
  A toadstool (D:1)
63 creatures vanquished.

Vanquished Creatures (others)
  3 toadstools (D:1)
3 creatures vanquished.

Grand Total: 66 creatures vanquished

Notes
Turn   | Place    | Note
-------+----------+-------------------------------------------
     0 | D:1      | DildoBatman the Formicid Conjurer began the quest for the
                  | Orb.
     0 | D:1      | Reached XP level 1. HP: 13/13 MP: 3/3
   278 | D:1      | Reached skill level 4 in Conjurations
   278 | D:1      | Reached XP level 2. HP: 19/19 MP: 1/5
   281 | D:1      | Learned a level 2 spell: Searing Ray
   362 | D:1      | Found a faded altar of an unknown god.
   588 | D:1      | Reached XP level 3. HP: 24/24 MP: 6/6
  1150 | D:2      | Noticed Robin
  1312 | D:2      | Noticed Sigmund
  1340 | D:2      | Reached XP level 4. HP: 30/30 MP: 7/7
  1550 | D:2      | Found a runed translucent door.
  1551 | D:2      | Noticed Crazy Yiuf
  1680 | D:2      | Reached skill level 5 in Conjurations
  1991 | D:3      | Found a broken altar of Ashenzari.
  2023 | D:3      | Found a snail-covered altar of Cheibriados.
  2188 | D:3      | Identified the +6 dagger "Giantbane" {spect, rPois rC+
                  | MP+9}
  2586 | D:4      | Noticed an ogre
  2598 | D:5      | Entered Level 5 of the Dungeon
  2697 | D:5      | Reached XP level 5. HP: 35/35 MP: 9/9
  2890 | D:5      | Killed from afar by an orc priest

Illustrated notes

Levels and vault maps discovered:
D:1:      ldierk_walled_garden_2, layout_basic,
          hellmonk_ecumenical_altar_prayer_group
D:2:      layout_loops_ring, grunt_ministairs_7, uniq_crazy_yiuf_cottage,
          uniq_sigmund, uniq_robin
D:3:      layout_basic, mainiacjoe_overflow_catwalk_spiral,
          chequers_hall_statues_y
D:4:      layout_loops_corners
D:5:      layout_loops_corners, nicolae_ru_sacrificial_ziggurat,
          nicolae_uskayaw_suspiria, minmay_misc_feat_rugged

Skill      XL: |  1  2  3  4  5 |
---------------+----------------+-----
Conjurations   | 4 5 |  5.5
Spellcasting   | 3 |  3.2
Dodging        | |  1.7
Stealth        | |  2.4

Action                   |  1- 3 |  4- 6 || total
-------------------------+-------+-------++-------
Melee: Unarmed           |    13 |       ||    13
       Short sword       |     1 |       ||     1
       Dagger            |       |     2 ||     2
 Cast: Magic Dart        |    34 |    24 ||    58
       Searing Ray       |    17 |    18 ||    35
  Use: Scroll            |       |     3 ||     3
 Stab: Sleeping          |       |     1 ||     1
Armor: Robe              |    12 |     3 ||    15
Dodge: Dodged            |    36 |     3 ||    39
